 Dungeon Crawl Stone Soup version 0.26-a0-651-gb41185065b (webtiles) character file.

Game seed: 12636751943687826161

149386 Lanoc the Slayer (level 16, 0/167 HPs)
             Began as a Pale Draconian Delver on Sept 30, 2020.
             Was the Champion of Dithmenos.
             Slain by a +1 vorpal dire flail (1 damage)
             ... on level 2 of the Elven Halls.
             The game lasted 01:25:26 (39660 turns).

Lanoc the Slayer (Pale Draconian Delver)           Turns: 39660, Time: 01:25:27

Health: 0/167      AC: 23    Str: 14    XL:     16   Next: 66%
Magic:  10/16      EV: 27    Int: 12    God:    Dithmenos [******]
Gold:   2883       SH:  5    Dex: 17    Spells: 15/15 levels left

rFire    + . .     SeeInvis .   E - +2 demon trident (venom)
rCold    + . .     Faith    +   V - +0 buckler {rC+ rF+}
rNeg     . . .     Spirit   .   (armour unavailable)
rPois    .         Reflect  .   (helmet restricted)
rElec    .         Harm     .   O - scarf {repulsion}
rCorr    .         Rampage  .   w - +2 pair of gloves of the Butcher {Slay+2}
MR       +....                  K - +2 pair of boots {Fly}
Stlth    +++++.....             h - amulet of faith
HPRegen  0.37/turn              P - +4 ring of protection
MPRegen  0.15/turn              N - +4 ring of protection

@: flying, wreathed by umbra, repel missiles
A: breathe steam, unfitting armour, stinger 1, screaming 1, weak 1,
cold-blooded, AC +9
}: 1/15 runes: abyssal
a: Breathe Steam, Shadow Step, Shadow Form, Renounce Religion


You were on level 2 of the Elven Halls.
You worshipped Dithmenos.
Dithmenos was exalted by your worship.
You visited 6 branches of the dungeon, and saw 26 of its levels.
You visited the Abyss 2 times.

You collected 2883 gold pieces.

Inventory:

Hand Weapons
 m - a +4 halberd
 E - a +2 demon trident of venom (weapon)
 Q - a +0 vampiric demon blade
Missiles
 C - 2 throwing nets (quivered)
Armour
 g - a +0 kite shield
 w - the +2 pair of gloves of the Butcher (worn) {Slay+2}
   (You found it on level 8 of the Dungeon)

   It affects your accuracy and damage with ranged weapons and melee attacks
   (+2).
 K - a +2 pair of boots of flying (worn)
 O - a scarf of repulsion (worn)
 V - a +0 buckler of resistance (worn)
Jewellery
 h - an amulet of faith (around neck)
 q - an uncursed ring of resist corrosion
 N - a +4 ring of protection (right hand)
 P - a +4 ring of protection (left hand)
Wands
 d - a wand of acid (27)
 f - a wand of digging (10)
 r - a wand of random effects (49)
 u - a wand of enslavement (22)
 z - a wand of polymorph (48)
 F - a wand of paralysis (8)
 G - a wand of disintegration (15)
 L - a wand of flame (16)
 W - a wand of iceblast (5)
Scrolls
 a - a scroll of summoning
 b - 4 scrolls of fog
 c - 3 scrolls of magic mapping
 i - 2 scrolls of enchant armour
 n - 7 scrolls of remove curse
 p - 4 scrolls of amnesia
 v - a scroll of enchant weapon
 y - 9 scrolls of identify
 A - 3 scrolls of fear
 B - 3 scrolls of immolation
 T - a scroll of silence
Potions
 e - a potion of invisibility
 l - 2 potions of resistance
 o - 3 potions of stabbing
 s - 3 potions of curing
 J - a potion of magic
 M - a potion of berserk rage
 R - 2 potions of haste
 S - a potion of lignification
 X - a potion of brilliance
Miscellaneous
 x - a condenser vane (2/2)
 D - a box of beasts (3/3)
 U - a phantom mirror


   Skills:
 + Level 21.4 Fighting
 - Level 2.0 Long Blades
 + Level 18.6 Dodging
 - Level 4.5 Stealth
 - Level 4.0 Shields


You had 15 spell levels left.
You didn't know any spells.
Your spell library contained the following spells:

 Spells                   Type           Power        Failure   Level
 Foxfire                  Conj/Fire      #...         32%         1
 Summon Small Mammal      Summ           #...         32%         1
 Call Imp                 Summ           #.......     45%         2
 Poisonous Vapours        Pois/Air       #.....       45%         2
 Call Canine Familiar     Summ           #.......     69%         3
 Conjure Flame            Conj/Fire      #.......     69%         3
 Mephitic Cloud           Conj/Pois/Air  #.......     69%         3
 Summon Guardian Golem    Hex/Summ       #.......     69%         3
 Ice Form                 Ice/Tmut       #.......     97%         4
 Leda's Liquefaction      Hex/Erth       #.........   97%         4
 Summon Ice Beast         Ice/Summ       #.......     97%         4
 Summon Lightning Spire   Summ/Air       #.......     97%         4
 Bolt of Magma            Conj/Fire/Erth #.........   100%        5
 Iskenderun's Battlesphe  Conj           #.......     100%        5
 Metabolic Englaciation   Hex/Ice        #.........   100%        5
 Conjure Ball Lightning   Conj/Air       #.........   100%        6
 Freezing Cloud           Conj/Ice/Air   #.........   100%        6
 Iron Shot                Conj/Erth      #.........   100%        6
 Ozocubu's Refrigeration  Ice            #.........   100%        6
 Simulacrum               Ice/Necr       #.........   100%        6
 Statue Form              Tmut/Erth      #........    100%        6
 Shatter                  Erth           #.........   100%        9


Dungeon Overview and Level Annotations

Branches:
Dungeon (15/15)            Temple (1/1) D:6            Lair (6/6) D:8
 Shoals (2/4) Lair:2        Snake (0/4) Lair:3        Slime (0/5) Lair:5
    Orc (2/2) D:9             Elf (2/3) Orc:2        Vaults (0/5) D:14
 Depths: D:15

Altars:
Ashenzari
Cheibriados
Dithmenos
Elyvilon
Fedhas
Gozag
Hepliaklqana
Kikubaaqudgha
Makhleb
Nemelex Xobeh
Okawaru
Qazlal
Ru
Sif Muna
Trog
Uskayaw
Vehumet
Wu Jian
Xom
Yredelemnul
Zin
The Shining One
Beogh
Jiyva

Shops:
D:11 }   Orc:2 (=[*   Elf:1 =

Annotations:
Shoals:2 Ilsuiw


Innate Abilities, Weirdness & Mutations

You can breathe blasts of scalding, opaque steam.
Your pale cyan-grey scales are hard. (AC +9)
You cannot fit into any form of body armour.
You are cold-blooded and may be slowed by cold attacks.
Your tail ends in a poisonous barb.
You occasionally shout uncontrollably at your foes.
You are weak. (Str -2)


Message History

The fire elemental completely misses you.
A deep elf death mage comes into view. It is wielding a +0 short sword.
You feel better.
You are engulfed in raging winds.
* * * LOW HITPOINT WARNING * * *
You block the air elemental's attack. The +1 vorpal dire flail hits you!!
* * * LOW HITPOINT WARNING * * *
You emit a cloud of dark smoke.
* * * LOW HITPOINT WARNING * * *
The deep elf sorcerer completely misses you.
The air elemental completely misses you.
The +1 vorpal dire flail barely misses you.
The fire elemental completely misses you.
You feel better.
You are engulfed in raging winds.
* * * LOW HITPOINT WARNING * * *
The winds around the air elemental start to calm down.
The air elemental completely misses you.
You block the deep elf sorcerer's attack.
The air elemental closely misses you. The +1 vorpal dire flail hits you.
* * * LOW HITPOINT WARNING * * *
You die...

#...# #..#. #...#
#..#. #...# #..#..
#...# #..#.. #...#
. #..#...
#...#####+#..###+#
#§§§§..... ....!..
#eE§○..... .....^.
#@(§###### ###+###
#E§§# .... +§§.#
.... #§§§# e...e..
#§.§# .. ....
#...# . ..8. #...e
>... #..... #...
##.8


You could see a deep elf death mage, a deep elf sorcerer (fast), a fire
elemental (summoned), an air elemental and a +1 vorpal dire flail.

Vanquished Creatures
  Saint Roka (Orc:2)
  Nikola (Shoals:1)
  2 tentacled starspawn
  An Executioner (Abyss:4)
  A deep elf sorcerer (Elf:1)
  An orc warlord (Orc:2)
  A reaper (Abyss:4)
  A very ugly thing (Abyss:4)
  A dire elephant (Abyss:4)
  A deep elf death mage (Orc:2)
  2 merfolk impalers (Shoals:2)
  3 vault guards
  Harold (D:9)
  4 hydras
  2 merfolk avatars
  A death knight (D:12)
  2 centaur warriors (D:14)
  A two-headed ogre (D:11)
  A dancing weapon (Orc:2)
  12 death yaks
  Urug (Orc:2)
  5 thrashing horrors
  2 orc high priests
  3 deep elf knights
  2 small abominations
  4 fire crabs (Lair:4)
  3 sea snakes (Shoals:1)
  An unseen horror (D:11)
  5 deep elf archers (Elf:1)
  4 harpies (Shoals:2)
  4 orc knights
  32 deep elf magi
  An orb spider (shapeshifter) (Elf:1)
  5 orc sorcerers
  2 worldbinders
  An oklob plant (D:13)
  4 manticores
  7 fauns (Shoals:2)
  Maurice (D:13)
  2 merfolk sirens (Shoals:2)
  6 elephants
  6 cyclopes
  3 centaur zombies
  5 black mambas
  2 guardian serpents (shapeshifter)
  A gargoyle (D:10)
  2 smoke demons
  3 water nymphs
  A torpor snail (Lair:5)
  25 cane toads
  Maggie (D:6)
  A large abomination (Abyss:4)
  2 kobold demonologists (D:13)
  3 centaur skeletons
  6 rime drakes
  A redback zombie (D:14)
  2 efreet (D:13)
  3 komodo dragons
  2 ancient zymes (Abyss:4)
  4 trolls
  5 tyrant leeches (Lair:6)
  A hornet (D:12)
  3 merfolk (Shoals:2)
  4 snapping turtles
  4 raiju (Abyss:4)
  2 wind drakes
  Prince Ribbit (D:5)
  A harpy skeleton (D:14)
  4 slime creatures (D:15)
  14 blink frogs (Lair:6)
  9 dream sheep
  12 hippogriffs
  A water elemental (Shoals:1)
  2 air elementals
  A shadow (D:14)
  A wraith (D:14)
  31 yaks
  A black mamba skeleton (Abyss:2)
  9 wyverns
  A fire bat (Abyss:4)
  6 basilisks
  9 humans
  Grum (D:10)
  Menkaure (D:6)
  8 wargs
  6 vampire mosquitoes (Lair:6)
  A neqoxec (Abyss:4)
  3 insubstantial wisps
  Edmund (D:6)
  A soldier ant (shapeshifter) (Elf:1)
  2 nagas (Lair:3)
  8 water moccasins
  A soldier ant (D:15)
  Duvessa (D:6)
  5 porcupines
  40 orc warriors
  2 sky beasts (D:10)
  3 ice beasts
  15 ogres
  An eye of draining (D:13)
  4 phantoms
  3 black bears
  27 wolves
  17 centaurs
  14 crocodiles
  4 big kobolds
  Blork the orc (D:4)
  29 bullfrogs
  2 gnoll sergeants
  A wyvern zombie (D:14)
  2 earth elementals (Elf:1)
  Dowan (D:6)
  3 killer bees (D:9)
  3 scorpions
  15 wights
  An electric eel (D:12)
  4 howler monkeys
  A quasit (D:15)
  16 orc priests
  4 bullfrog zombies
  6 hounds
  4 bullfrog skeletons
  An iron imp (Elf:1)
  14 jellies
  11 worker ants
  2 iguanas
  33 orc wizards
  Ijyb (D:5)
  A hound skeleton (D:7)
  12 gnolls
  12 adders
  A shadow imp (D:5)
  3 white imps
  An ufetubus (D:8)
  16 oozes
  An adder zombie (D:5)
  An adder skeleton (D:10)
  A worm (D:3)
  A dart slug (D:3)
  A leopard gecko (D:3)
  90 orcs
  5 giant cockroaches
  7 goblins
  7 hobgoblins
  8 jackals
  11 kobolds
  6 quokkas
  2 ball pythons
  A ball python skeleton (D:4)
  2 bats (D:3)
  2 frilled lizards (D:3)
  A leopard gecko skeleton (D:8)
  2 rats (D:3)
  A lurking horror (Abyss:4)
850 creatures vanquished.

Vanquished Creatures (collateral kills)
  Louise (Shoals:1)
1 creature vanquished.

Vanquished Creatures (others)
  A deep elf mage (Elf:1)
  An orc (Orc:1)
  A bush (Lair:4)
  48 fungi
  128 plants
  29 starspawn tentacles
208 creatures vanquished.

Grand Total: 1059 creatures vanquished

Notes
Turn   | Place    | Note
-------+----------+-------------------------------------------
     0 | D:5      | Lanoc the Draconian Delver began the quest for the Orb.
     0 | D:5      | Reached XP level 1. HP: 19/19 MP: 1/1
    28 | D:4      | Noticed a hound
    62 | D:3      | Reached XP level 2. HP: 6/27 MP: 2/2
   466 | D:3      | Reached skill level 4 in Fighting
   545 | D:3      | Reached XP level 3. HP: 30/33 MP: 3/3
  1126 | D:3      | Found a radiant altar of Vehumet.
  1257 | D:3      | Reached XP level 4. HP: 39/41 MP: 4/4
  1943 | D:4      | Noticed Blork the orc
  1957 | D:4      | Killed Blork the orc
  1957 | D:4      | Reached skill level 5 in Fighting
  1957 | D:4      | Reached XP level 5. HP: 23/48 MP: 5/5
  2361 | D:5      | Noticed a yak
  2361 | D:5      | Noticed a yak
  2362 | D:5      | Noticed a yak
  2417 | D:5      | Noticed Prince Ribbit
  2443 | D:5      | Killed Prince Ribbit
  2443 | D:5      | Reached skill level 6 in Fighting
  2443 | D:5      | Reached XP level 6. HP: 15/57 MP: 6/6
  2910 | D:6      | Noticed Maggie
  2935 | D:6      | Found a staircase to the Ecumenical Temple.
  2935 | D:6      | Noticed Duvessa
  3020 | D:6      | Noticed Dowan
  3043 | D:6      | HP: 2/58 [Duvessa/+0 short sword (10)]
  3060 | Temple   | Entered the Ecumenical Temple
  3424 | Temple   | Became a worshipper of Dithmenos the Shadowed
  3622 | D:6      | Found a bloodstained altar of Trog.
  3634 | D:6      | Reached skill level 5 in Dodging
  3634 | D:6      | Your scales start taking on a pale cyan-grey colour.
  3634 | D:6      | Reached XP level 7. HP: 59/64 MP: 7/7
  3820 | D:6      | Reached skill level 7 in Fighting
  3881 | D:6      | Noticed Edmund
  3894 | D:6      | Killed Edmund
  3973 | D:6      | Noticed Menkaure
  4257 | D:6      | Found a glowing silver altar of Zin.
  4258 | D:6      | Found an opulent altar of Gozag.
  4315 | D:6      | Killed Maggie
  4315 | D:6      | Reached skill level 8 in Fighting
  4315 | D:6      | Reached XP level 8. HP: 6/75 MP: 8/8
  4881 | D:6      | Reached skill level 9 in Fighting
  5006 | D:6      | Killed Menkaure
  5179 | D:6      | Found a stormy altar of Qazlal.
  5414 | D:6      | Killed Dowan
  5414 | D:6      | Reached XP level 9. HP: 85/85 MP: 9/9
  5437 | D:6      | Killed Duvessa
  5574 | D:6      | Found an iron altar of Okawaru.
  5581 | D:6      | Reached * piety under Dithmenos
  5713 | D:5      | Noticed Ijyb
  5731 | D:5      | Killed Ijyb
  5773 | D:5      | Found a shimmering altar of Xom.
  5814 | D:5      | Reached skill level 10 in Fighting
  6969 | D:8      | Found a broken altar of Ashenzari.
  6990 | D:8      | Reached ** piety under Dithmenos
  7075 | D:8      | Noticed an elephant
  7077 | D:8      | Noticed a death yak
  7108 | D:8      | Reached skill level 11 in Fighting
  7111 | D:8      | Killed an elephant
  7332 | D:8      | Found a glowing golden altar of the Shining One.
  7344 | D:8      | Reached XP level 10. HP: 65/96 MP: 10/10
  7514 | D:8      | Found a staircase to the Lair.
  7532 | D:8      | Got a pair of slimy gloves
  7537 | D:8      | Identified the +2 pair of gloves of the Butcher {Slay+2}
                  | (You found it on level 8 of the Dungeon)
  7585 | D:8      | Killed a death yak
  7799 | D:8      | Found a sacrificial altar of Ru.
  7800 | D:8      | Found a basalt altar of Yredelemnul.
  8008 | D:8      | Reached skill level 10 in Dodging
  8316 | D:9      | Reached skill level 12 in Fighting
  8452 | D:9      | Found a staircase to the Orcish Mines.
  8459 | D:9      | Noticed Harold
  8671 | D:9      | Killed Harold
  9118 | D:9      | Reached *** piety under Dithmenos
  9122 | D:9      | Found a sparkling altar of Nemelex Xobeh.
  9428 | D:9      | Found a shimmering blue altar of Sif Muna.
  9764 | D:10     | Entered Level 10 of the Dungeon
  9818 | D:10     | Noticed Grum
  9825 | D:10     | Killed Grum
  9833 | D:10     | Reached skill level 13 in Fighting
  9922 | D:10     | Reached XP level 11. HP: 107/107 MP: 11/11
 10930 | D:11     | Found Yroalora's Gadget Boutique.
 11062 | D:11     | Killed an unseen horror
 11184 | D:11     | Reached **** piety under Dithmenos
 11422 | D:11     | Noticed a death knight
 11980 | D:11     | Noticed a two-headed ogre
 11986 | D:11     | Killed a two-headed ogre
 11990 | D:11     | Reached skill level 14 in Fighting
 13577 | D:12     | Killed a death knight
 13870 | D:13     | Reached XP level 12. HP: 113/118 MP: 12/12
 13940 | D:13     | Reached ***** piety under Dithmenos
 14039 | D:13     | Reached skill level 15 in Fighting
 14347 | D:13     | Noticed Maurice
 14374 | D:13     | Killed Maurice
 16081 | D:14     | Noticed a centaur warrior
 16579 | D:14     | Noticed a vault guard
 16580 | D:14     | Noticed a vault guard
 16640 | D:13     | Killed a vault guard
 16640 | D:13     | Reached skill level 16 in Fighting
 16805 | D:13     | Killed a vault guard
 17211 | D:14     | Noticed a vault guard
 17349 | D:14     | Killed a centaur warrior
 17485 | D:14     | Noticed a centaur warrior
 17521 | D:14     | Killed a centaur warrior
 17521 | D:14     | Reached ****** piety under Dithmenos
 17796 | D:14     | Reached XP level 13. HP: 126/130 MP: 13/13
 17910 | D:14     | Found a gate to the Vaults.
 18116 | D:15     | Entered Level 15 of the Dungeon
 18631 | Orc:1    | Entered Level 1 of the Orcish Mines
 19730 | Orc:1    | Found a roughly hewn altar of Beogh.
 19766 | Orc:2    | Entered Level 2 of the Orcish Mines
 19849 | Orc:1    | Reached skill level 17 in Fighting
 20731 | Orc:2    | Noticed Urug
 20740 | Orc:2    | Paralysed by an orc sorcerer for 2 turns
 20759 | Orc:2    | Paralysed by an orc sorcerer for 6 turns
 20957 | Orc:2    | Killed Urug
 21056 | Orc:2    | Noticed Saint Roka
 21349 | Orc:2    | Found a roughly hewn altar of Beogh.
 21478 | Orc:2    | Paralysed by an orc sorcerer for 3 turns
 21499 | Orc:2    | Killed Saint Roka
 21499 | Orc:2    | Reached skill level 15 in Dodging
 21827 | Orc:2    | Found Rofet's General Store.
 22474 | Orc:2    | Found Korusyaw's Antique Weapon Shop.
 22513 | Orc:2    | Found Voiho's Antique Armour Shop.
 22585 | Orc:2    | Found Cidgha's Jewellery Shop.
 22662 | Orc:2    | Noticed an orc warlord
 22827 | Orc:2    | Killed an orc warlord
 22985 | Orc:2    | Found a staircase to the Elven Halls.
 23560 | Lair:1   | Entered Level 1 of the Lair of Beasts
 23592 | Lair:1   | Reached XP level 14. HP: 141/141 MP: 14/14
 23697 | Lair:1   | Reached skill level 18 in Fighting
 24565 | Lair:2   | Found a staircase to the Shoals.
 25077 | Lair:3   | Found a staircase to the Snake Pit.
 25810 | Lair:4   | You are sucked into a shaft and drop 2 floors!
 25810 | Lair:6   | Entered Level 6 of the Lair of Beasts
 26293 | Lair:5   | Reached skill level 19 in Fighting
 26739 | Lair:4   | Found a runed translucent door.
 27440 | Lair:4   | Identified a scroll of acquirement
 27440 | Lair:4   | Acquired a +0 vampiric demon blade
 28637 | Lair:4   | Reached XP level 15. HP: 34/152 MP: 15/15
 29941 | Lair:5   | Found a staircase to the Slime Pits.
 29941 | Lair:5   | Found a viscous altar of Jiyva.
 30917 | Lair:6   | Reached skill level 1 in Shields
 32213 | Shoals:1 | Entered Level 1 of the Shoals
 32554 | Shoals:1 | Noticed Louise
 32575 | Shoals:1 | Cast into level 2 of the Abyss (Louise)
 32576 | Abyss:2  | Found a corrupted altar of Lugonu.
 32668 | Abyss:2  | Found a corrupted altar of Lugonu.
 32737 | Abyss:2  | Noticed a tentacled starspawn
 32754 | Abyss:2  | Noticed a tentacled starspawn
 32902 | Abyss:2  | Noticed a tentacled starspawn
 32917 | Abyss:2  | Killed a tentacled starspawn
 32957 | Abyss:2  | Gained mutation: Scrolls take you a little longer to read.
                  | [potion of mutation]
 32957 | Abyss:2  | Gained mutation: Your magical capacity is low. (-10% MP)
                  | [potion of mutation]
 32957 | Abyss:2  | Gained mutation: You occasionally shout uncontrollably at
                  | your foes. [potion of mutation]
 32957 | Abyss:2  | Gained mutation: You evolve. [potion of mutation]
 32969 | Abyss:2  | Lost mutation: Your magical capacity is low. (-10% MP)
                  | [potion of mutation]
 32969 | Abyss:2  | Lost mutation: You occasionally shout uncontrollably at
                  | your foes. [potion of mutation]
 32969 | Abyss:2  | Lost mutation: Scrolls take you a little longer to read.
                  | [potion of mutation]
 32969 | Abyss:2  | Lost mutation: You evolve. [potion of mutation]
 32969 | Abyss:2  | Gained mutation: You occasionally shout uncontrollably at
                  | your foes. [potion of mutation]
 32969 | Abyss:2  | Gained mutation: Your tail ends in a poisonous barb.
                  | [potion of mutation]
 33071 | Abyss:2  | Found a radiant altar of Vehumet.
 33086 | Shoals:1 | Escaped the Abyss
 33104 | Shoals:1 | Killed Louise
 33329 | Shoals:1 | Reached skill level 20 in Fighting
 34565 | Shoals:1 | Noticed Nikola
 34615 | Shoals:1 | Killed Nikola
 35952 | Shoals:2 | Noticed Ilsuiw
 36591 | Elf:1    | Entered Level 1 of the Elven Halls
 36619 | Orc:2    | Reached XP level 16. HP: 165/165 MP: 16/16
 37354 | Elf:1    | Found Vaggotu's Jewellery Emporium.
 37426 | Elf:1    | Cast into level 4 of the Abyss (a deep elf sorcerer)
 37478 | Abyss:4  | Gained mutation: You are weak. (Str -2) [a neqoxec]
 37491 | Abyss:4  | Noticed a bone dragon
 37507 | Abyss:4  | Noticed a tentacled starspawn
 37523 | Abyss:4  | Noticed a bone dragon
 37538 | Abyss:4  | Found a corrupted altar of Lugonu.
 37583 | Abyss:4  | Noticed a tentacled starspawn
 37596 | Abyss:4  | Found a corrupted altar of Lugonu.
 37688 | Abyss:4  | Noticed an Executioner
 37698 | Abyss:4  | Killed an Executioner
 37923 | Abyss:4  | Reached skill level 21 in Fighting
 38029 | Abyss:4  | Got an ichor-stained flail
 38031 | Abyss:4  | Identified the +4 flail of Purpose {drain, rC+ Str+6 Int+4}
                  | (You found it on level 4 of the Abyss)
 38152 | Abyss:4  | Noticed a tentacled starspawn
 38165 | Abyss:4  | Killed a tentacled starspawn
 38169 | Abyss:4  | Found a runed translucent door.
 38371 | Abyss:4  | Found a runed translucent door.
 38371 | Abyss:4  | Found a runed translucent door.
 38423 | Abyss:4  | Noticed a tentacled starspawn
 38424 | Abyss:4  | Noticed a tentacled starspawn
 38461 | Abyss:4  | Noticed a hellephant
 38478 | Abyss:4  | Found a corrupted altar of Lugonu.
 38478 | Abyss:4  | Noticed a hellephant
 38505 | Abyss:4  | Found a corrupted altar of Lugonu.
 38515 | Abyss:4  | Got an abyssal rune of Zot
 38557 | Elf:1    | Escaped the Abyss
 38585 | Elf:1    | Identified the Guide on Conjuration and Companions
 39591 | Elf:1    | HP: 5/167 [+2 antimagic halberd (26)]
 39659 | Elf:2    | HP: 4/167 [+1 vorpal dire flail (19)]
 39659 | Elf:2    | HP: 1/167 [+1 vorpal dire flail (3)]
 39660 | Elf:2    | Slain by a +1 vorpal dire flail

Illustrated notes

Levels and vault maps discovered:
D:3:      layout_basic, old_standard_altar, hangedman_abyss_or_decor_stabs,
          minmay_box_of_dots
D:4:      layout_basic, bh_walls_and_bars, uniq_blork_the_orc
D:5:      layout_rooms, lemuel_crystal_altar, uniq_prince_ribbit1, uniq_ijyb
D:6:      layout_rooms, grunt_temple_overflow_gold_and_silver,
          okawaru_altar_gauntlet_db, bloody_trog, lemuel_doored_altar,
          minmay_temple_entry_junction, chequers_garden, uniq_duvessa,
          uniq_menkaure, uniq_maggie, uniq_edmund
D:7:      layout_gridville, nicolae_underground_beach
D:8:      layout_loops_cross, nicolae_ashenzari_panopticon,
          nicolae_overflow_crystal_walls, gammafunk_temple_overflow_pools,
          david_lair_generic
D:9:      layout_long_grid, lemuel_round_altar, led_sif_book, david_orc_3,
          uniq_harold
D:10:     layout_loops_ring, uniq_grum
D:11:     layout_roguey, serial_shops, shop
D:12:     layout_grid_maze, serial_bayou_ford_a, minivault_4
D:13:     lemuel_slime, layout_stronghold, kennysheep_generic_room_9,
          uniq_maurice
D:14:     layout_gridville, ximxim_vaults_locker_room, serial_park_square3
          [serial_park_minivault_5x5_1]
D:15:     grunt_enter_depths_hoard, layout_gridville,
          roderic_lattice_octagonal_star
Temple:   compressed_dpeg_triangle_lava_temple
Lair:1:   layout_chaotic_city
Lair:2:   layout_gridlike, minmay_shoals_entry_centaurs, grunt_megastairs_2
Lair:3:   layout_concentric_octagons, guppyfry_snake_entry_garden
Lair:4:   gammafunk_mikee_crab_dinner, layout_regular_city,
          grunt_forest_small_clearing_treed
Lair:5:   cheibrodos_lair_river_kwai, layout_concentric_octagons, slime_altar_1,
          minmay_holes, grunt_megastairs_4, lemuel_fruit_tree
Lair:6:   minmay_lair_end_frog_pond, layout_layer_cave, minmay_lair_drake_nest
Shoals:1: layout_shoals, uniq_louise, uniq_nikola
Shoals:2: layout_shoals, uniq_ilsuiw
Orc:1:    layout_diamond_mine, kennysheep_orc_chapel
Orc:2:    grunt_orc_cross, layout_caves, mines5_lemuel
Elf:1:    minmay_elf_arrival_circle, layout_loops_corners, serial_shops, shop,
          minmay_elf_sorcery, minmay_checkered_concentric_circles
Elf:2:    layout_onion_city, nicolae_elf_m_pinch, evilmike_ambush
          [evilmike_ambush_outer_basic, evilmike_ambush_inner_pond]

Skill      XL: |  1  2  3  4  5  6  7  8  9 10 11 12 13 14 15 16 |
---------------+-------------------------------------------------+-----
Dodging        | 2 3 4 5 6 7 9 11 12 14 15 16 17 18 | 18.6
Fighting       | 4 5 6 8 9 11 13 14 16 17 19 20 21 | 21.4
Shields        | 4 |  4.0
Long Blades    | |  2.0
Stealth        | |  4.5

Action                   |  1- 3 |  4- 6 |  7- 9 | 10-12 | 13-15 | 16-18 || total
-------------------------+-------+-------+-------+-------+-------+-------++-------
Melee: Falchion          |    86 |   116 |    72 |       |       |       ||   274
       Tailslap          |    18 |    21 |    28 |    72 |   217 |    75 ||   431
       Spear             |       |       |   117 |   553 |  1121 |       ||  1791
       Demon trident     |       |       |       |       |   206 |   427 ||   633
Throw: Throwing net      |       |       |       |     1 |       |       ||     1
 Abil: Breathe Steam     |       |       |    60 |   159 |   302 |    63 ||   584
Evoke: Box of beasts     |       |       |       |     3 |     9 |       ||    12
       Wand              |       |       |       |     2 |    12 |       ||    14
       Condenser vane    |       |       |       |     2 |     8 |     2 ||    12
       Phantom mirror    |       |       |       |       |     1 |       ||     1
  Use: Scroll            |     1 |     2 |     1 |    14 |    25 |    13 ||    56
       Potion            |       |     3 |     2 |       |     9 |    22 ||    36
 Stab: Sleeping          |    10 |     7 |    10 |    16 |     5 |     2 ||    50
       Distracted        |     1 |       |     1 |     2 |     6 |     1 ||    11
       Held in net/web   |       |       |       |     1 |       |       ||     1
Armor: Skin              |    16 |    34 |    36 |    96 |   370 |   189 ||   741
Dodge: Dodged            |    55 |    91 |   174 |   598 |  1934 |   901 ||  3753
       Repelled          |       |       |       |       |    21 |     8 ||    29
Block: Buckler           |       |       |       |       |   122 |   182 ||   304
       Rpst.: Falchion   |    14 |    27 |    17 |       |       |       ||    58

Table legend: (Time is in decaauts)
 A = Elapsed time spent in this place.
 B = Non-inter-level travel time spent in this place.
 C = Inter-level travel time spent in this place.
 D = Time resting spent in this place.
 E = Time spent auto-exploring this place.
 F = Levels seen in this place.
 G = Mean time per level.
                   A        B        C        D        E       F      G
               +--------+--------+--------+--------+--------+-----+--------+
         Total |  40138 |  39090 |   1048 |   4972 |  25401 |  28 | 1433.5 |
       Dungeon |  18978 |  18336 |    642 |   2126 |  12894 |  13 | 1459.8 |
        Temple |    362 |    352 |     10 |      0 |    283 |   1 |  362.0 |
          Lair |   8832 |   8616 |    216 |   1335 |   5719 |   6 | 1472.0 |
        Shoals |   3736 |   3684 |     52 |    621 |   2319 |   2 | 1868.0 |
  Orcish Mines |   4751 |   4624 |    127 |    487 |   3001 |   2 | 2375.5 |
   Elven Halls |   1797 |   1797 |      0 |      0 |   1162 |   2 |  898.5 |
         Abyss |   1680 |   1680 |      0 |    403 |     23 |   2 |  840.0 |
               +--------+--------+--------+--------+--------+-----+--------+

Top non-repeatable levels by time:
  Lair:4: 3381 daAuts
   Orc:2: 3152 daAuts
    D:13: 2884 daAuts
Shoals:1: 2510 daAuts
     D:6: 2402 daAuts
     D:9: 2260 daAuts
  Lair:6: 2196 daAuts
   Elf:1: 1743 daAuts
   Orc:1: 1598 daAuts
    D:12: 1594 daAuts
    D:11: 1548 daAuts
    D:14: 1462 daAuts
     D:3: 1416 daAuts
     D:8: 1232 daAuts
Shoals:2: 1225 daAuts
